 Dungeon Crawl Stone Soup version 0.32-a0-732-ga344392067 (webtiles) character file.

Game seed: 15021902186088274945

2915504 Croata the Middleweight Champion (level 27, 156/156 HPs)
             Began as a Vine Stalker Wanderer on Mar 17, 2024.
             Was the Champion of Qazlal.
             Escaped with the Orb
             ... and 4 runes
             ... and 2 gems!
             The game lasted 01:31:41 (57493 turns).

Croata the Middleweight Champion (VSWn)            Turns: 57493, Time: 01:31:42

Health: 156/156    AC: 47    Str: 37    XL:     27
Magic:  36/36      EV: 25    Int:  8    God:    Qazlal [******]
Gold:   6093       SH: 37    Dex: 19    Spells: 46/46 levels left

rFire   + +          .
                       - Unarmed
rCold   + . .        W - +7 tower shield {rPois}
rNeg    . . .        H - +12 gold dragon scales
rPois   +            a - +0 helmet of the Big Bang {rElec rF+ Will+ Str+2}
rElec   +            k - +0 cloak {rCorr}
rCorr   +            j - +4 pair of gloves of the Arena {Regen+ Str+3}
SInv    .            n - +0 pair of boots of the Big Bang {Str+4}
Will    ++++.        f - amulet of regeneration Stlth
                     D - ring of the Hare {EV+10}
HPRegen 3.66/turn    C - +4 ring of protection
MPRegen 0.25/turn

%: random rage (3%), repel missiles, guardian spirit
@: studying 3 skills
A: fangs 3, regeneration 2, magic shield, antimagic bite, no potion heal 2,
talons 1, berserk 1, deterioration 1, low MP 1, screaming 1, shaggy fur 1,
subdued magic 2, inability to read after injury 1, sturdy frame 1
0: Orb of Zot
}: 4/15 runes: serpentine, barnacled, slimy, silver
a: Renounce Religion, Upheaval, Elemental Force, Disaster Area


You escaped.
You worshipped Qazlal.
Qazlal was exalted by your worship.
You visited 12 branches of the dungeon, and saw 56 of its levels.
You visited 1 ziggurat, and saw 10 of its levels.

You collected 10535 gold pieces.
You spent 4442 gold pieces at shops.

Inventory:

Armour
 a - the +0 helmet of the Big Bang (worn) {rElec rF+ Will+ Str+2}
   (You found it on level 5 of the Lair of Beasts)

   Str+2:     It affects your strength (+2).
   rF+:       It protects you from fire.
   rElec:     It insulates you from electricity.
   Will+:     It increases your willpower.
 j - the +4 pair of gloves of the Arena (worn) {Regen+ Str+3}
   (You bought it in a shop on level 2 of the Orcish Mines)

   Str+3:     It affects your strength (+3).
   Regen+:    It increases your rate of health regeneration.
 k - a +0 cloak of preservation (worn)
 n - the +0 pair of boots of the Big Bang (worn) {Str+4}
   (You bought it in a shop on level 3 of the Depths)

   Str+4:     It affects your strength (+4).
 H - +12 gold dragon scales (worn)
 K - the +1 helmet "Afitais" {rN++}
   (You acquired it on level 6 of a ziggurat)

   rN++:      It greatly protects you from negative energy.
 W - a +7 tower shield of poison resistance (worn)
Jewellery
 e - a ring of protection from fire
 f - an amulet of regeneration (around neck)
 o - a ring of flight
 r - a ring of poison resistance
 C - a +4 ring of protection (right hand)
 D - the ring of the Hare (left hand) {EV+10}
   (You took it off a tengu warrior on level 2 of the Depths)

   [ring of evasion]

   EV+10:     It affects your evasion (+10).
 I - a ring of positive energy
 P - a ring of see invisible
 Q - the macabre finger necklace {Finger+ rN+}
   (You found it on level 5 of the Pits of Slime)

   [amulet of nothing]

   Finger+:   It enables you to equip an extra ring.
   rN+:       It protects you from negative energy.
 S - a ring of willpower
 Y - the ring "Vaqoj" {Wiz Int+6 Dex-4}
   (You found it on level 3 of the Snake Pit)

   [ring of wizardry]

   Wiz:       It improves your spell success rate.
   Int+6:     It affects your intelligence (+6).
   Dex-4:     It affects your dexterity (-4).
 Z - a +6 ring of dexterity
Talismans
 g - a talisman of death
 m - a granite talisman
Wands
 c - a wand of light (30)
 i - a wand of iceblast (78)
 p - a wand of mindburst (48)
 v - a wand of digging (11)
 x - a wand of flame (122)
 J - a wand of polymorph (30)
 T - a wand of charming (52)
Scrolls
 d - 4 scrolls of silence {!r}
 q - 16 scrolls of teleportation {@r3}
 t - 7 scrolls of fog {@r2}
 w - 12 scrolls of immolation
 F - 7 scrolls of fear
 L - 2 scrolls of revelation {@r5}
 M - 3 scrolls of blinking {@r4}
 N - 7 scrolls of vulnerability {!r}
 V - 9 scrolls of poison
 X - 5 scrolls of butterflies
Potions
 b - 13 potions of brilliance
 h - 7 potions of ambrosia
 l - 14 potions of curing {@q2}
 s - 3 potions of resistance
 u - 8 potions of enlightenment
 y - 3 potions of magic
 z - 8 potions of might {@q3}
 A - 9 potions of mutation
 B - 6 potions of berserk rage
 E - 7 potions of attraction
 G - 5 potions of cancellation
 O - 2 potions of haste {@q5}
 R - 3 potions of lignification
 U - 6 potions of invisibility


   Skills:
 - Level 20.0 Fighting
 - Level 15.0 Armour
 - Level 15.0 Dodging
 - Level 5.0 Stealth
 - Level 20.0 Shields
 O Level 27 Unarmed Combat
 - Level 10.0 Spellcasting
 - Level 1.0 Hexes
 + Level 23.8 Invocations
 - Level 1.0 Evocations


You had 46 spell levels left.
You didn't know any spells.
Your spell library contained the following spells:

 Spells                   Type           Power      Damage    Failure   Level
 Slow                     Hex            12%        N/A       61%         1
 Apportation              Tloc           4%         N/A       77%         1
 Foxfire                  Conj/Fire      8%         2x1d4     77%         1
 Kiss of Death            Conj/Necr      8%         2d6       77%         1
 Magic Dart               Conj           8%         1d3       77%         1
 Necrotise                Necr           8%         1d4       77%         1
 Sandblast                Erth           4%         2d4       77%         1
 Sting                    Conj/Alch      8%         1d3       77%         1
 Summon Small Mammal      Summ           8%         N/A       77%         1
 Jinxbite                 Hex            6%         N/A       77%         2
 Ensorcelled Hibernation  Hex/Ice        6%         N/A       83%         2
 Blink                    Tloc           4%         N/A       88%         2
 Call Imp                 Summ           4%         N/A       88%         2
 Cigotuvi's Dreadful Rot  Necr/Alch/Air  4%         N/A       88%         2
 Lesser Beckoning         Tloc           4%         N/A       88%         2
 Mercury Vapours          Alch/Air       4%         N/A       88%         2
 Momentum Strike          Conj/Tloc      4%         3d8       88%         2
 Sublimation of Blood     Necr           2%         N/A       88%         2
 Confusing Touch          Hex            3%         N/A       94%         3
 Sigil of Binding         Hex            3%         N/A       94%         3
 Dazzling Flash           Conj/Hex       6%         N/A       97%         3
 Inner Flame              Hex/Fire       3%         N/A       97%         3
 Call Canine Familiar     Summ           2%         N/A       98%         3
 Frozen Ramparts          Ice            4%         1d1       98%         3
 Fugue of the Fallen      Necr           2%         N/A       98%         3
 Gell's Gravitas          Tloc           2%         N/A       98%         3
 Hailstorm                Conj/Ice       2%         3d5       98%         3
 Mephitic Cloud           Conj/Alch/Air  2%         N/A       98%         3
 Ozocubu's Armour         Ice            2%         N/A       98%         3
 Passwall                 Erth           2%         N/A       98%         3
 Stone Arrow              Conj/Erth      4%         3d7       98%         3
 Summon Ice Beast         Ice/Summ       2%         N/A       98%         3
 Teleport Other           Tloc           2%         N/A       98%         3
 Vampiric Draining        Necr           2%         2d6       98%         3
 Volatile Blastmotes      Fire/Tloc      4%         2d10      98%         3
 Anguish                  Hex/Necr       1%         N/A       100%        4
 Animate Armour           Summ/Erth      4%         N/A       100%        4
 Animate Dead             Necr           2%         N/A       100%        4
 Brom's Barrelling Bould  Conj/Erth      2%         2d3       100%        4
 Cause Fear               Hex            1%         N/A       100%        4
 Dimensional Bullseye     Hex/Tloc       1%         N/A       100%        4
 Dispel Undead            Necr           2%         3d7       100%        4
 Flame Wave               Conj/Fire      2%         2d4       100%        4
 Manifold Assault         Tloc           2%         N/A       100%        4
 Martyr's Knell           Necr/Summ      2%         N/A       100%        4
 Passage of Golubria      Tloc           2%         N/A       100%        4
 Petrify                  Alch/Erth      2%         N/A       100%        4
 Sticky Flame             Fire/Alch      2%         2d4       100%        4
 Summon Blazeheart Golem  Fire/Summ      2%         N/A       100%        4
 Summon Lightning Spire   Summ/Air       2%         N/A       100%        4
 Vhi's Electric Charge    Tloc/Air       4%         N/A       100%        4
 Alistair's Intoxication  Alch           1%         N/A       100%        5
 Arcjolt                  Conj/Air       1%         1d11      100%        5
 Borgnjor's Vile Clutch   Necr/Erth      1%         N/A       100%        5
 Curse of Agony           Necr           2%         N/A       100%        5
 Fireball                 Conj/Fire      1%         3d3       100%        5
 Freezing Cloud           Conj/Ice/Air   1%         6-21      100%        5
 Irradiate                Conj/Alch      1%         3d12      100%        5
 Metabolic Englaciation   Hex/Ice        1%         N/A       100%        5
 Silence                  Hex/Air        1%         N/A       100%        5
 Summon Forest            Summ/Tloc      1%         N/A       100%        5
 Summon Mana Viper        Hex/Summ       3%         N/A       100%        5
 Yara's Violent Unravell  Hex/Alch       1%         3d3       100%        5
 Bombard                  Conj/Erth      1%         9d1       100%        6
 Dispersal                Tloc           1%         N/A       100%        6
 Eringya's Noxious Bog    Alch           1%         4d6       100%        6
 Permafrost Eruption      Ice/Erth       1%         2x4d2     100%        6
 Sculpt Simulacrum        Ice/Alch       1%         N/A       100%        6
 Starburst                Conj/Fire      1%         6d3       100%        6
 Summon Cactus Giant      Summ           1%         N/A       100%        6
 Enfeeble                 Hex            1%         N/A       100%        7
 Haunt                    Necr/Summ      1%         N/A       100%        7
 Monstrous Menagerie      Summ           1%         N/A       100%        7
 Orb of Destruction       Conj           1%         9d5       100%        7
 Summon Hydra             Summ           1%         N/A       100%        7
 Borgnjor's Revivificati  Necr           1%         N/A       100%        8
 Ignition                 Fire           1%         3d3       100%        8
 Infestation              Necr           1%         N/A       100%        8
 Lehudib's Crystal Spear  Conj/Erth      1%         10d2      100%        8
 Maxwell's Capacitive Co  Air            1%         ∞         100%        8
 Chain Lightning          Conj/Air       1%         3d1       100%        9
 Death's Door             Necr           1%         N/A       100%        9
 Dragon's Call            Summ           1%         N/A       100%        9


Dungeon Overview and Level Annotations

Branches:
Dungeon (15/15)            Temple (1/1) D:6            Lair (5/5) D:10
 Shoals (4/4) Lair:3        Snake (4/4) Lair:2        Slime (5/5) Lair:5
    Orc (2/2) D:12            Elf (3/3) Orc:2        Vaults (5/5) D:14
  Crypt (3/3) Vaults:3       Tomb (0/3) Crypt:3      Depths (4/4) D:15
    Zot (5/5) Depths:4

Altars:
Ashenzari
Cheibriados
Dithmenos
Elyvilon
Fedhas
Gozag
Hepliaklqana
Kikubaaqudgha
Makhleb
Nemelex Xobeh
Okawaru
Qazlal
Ru
Sif Muna
Trog
Uskayaw
Vehumet
Wu Jian
Xom
Yredelemnul
Zin
The Shining One
Beogh
Lugonu

Shops:
Orc:1 [   Orc:2 [[[[   Elf:2 *   Shoals:3 *   Snake:1 *[([   Snake:2 !
Snake:3 ?   Vaults:1 (   Vaults:3 =   Vaults:4 [   Depths:3 ([?

Portals:
Hell: Depths:1 Depths:2 Depths:3 Depths:4
Abyss: Depths:1 Depths:2 Depths:3 Depths:4
Pandemonium: Depths:2


Innate Abilities, Weirdness & Mutations

You have razor-sharp teeth.
You heal very quickly.
When hurt, damage is shared between your health and your magic reserves.
Your bite disrupts and absorbs the magic of your enemies.
Potions cannot restore your health.
You have sharp toenails.
You sometimes lose your temper in combat.
Your body sometimes deteriorates upon taking damage.
Your magical capacity is low. (-10% MP)
You occasionally shout uncontrollably at your foes.
You are covered in fur. (AC +1)
Your spells are easier to cast, but less powerful.
You occasionally lose the ability to read scrolls when taking damage.
Your movements are slightly less encumbered by armour. (ER -2)


Message History

There is a stone staircase leading down here.
Okay, then.
A green death comes into view.
You hit the green death. You bite the green death!
The green death's magic leaks into the air.
You drain its magic.
The green death is moderately wounded.
The green death's magic is no longer disrupted.
You pummel the green death!! You bite the green death!!
The green death's magic leaks into the air.
You drain its magic.
The green death is severely wounded.
You block the green death's attack.
You pummel the green death like a punching bag!!!
You kill the green death!
Qazlal accepts your kill.
No target in view!
No target in view!
No target in view!
No target in view!
No target in view!
No target in view!
No target in view!
You see here a bullfrog skeleton.
There is a stone staircase leading up here.
You climb upwards.
There is a stone staircase leading down here.
There is a stone staircase leading down here.
There is a stone staircase leading up here.
You climb upwards.
There is a stone staircase leading down here.
You see here a +0 flail.
There is a stone staircase leading up here.
You climb upwards.
There is a stone staircase leading down here.
There is a stone staircase leading up here.
You climb upwards.
There is a stone staircase leading down here.
There is a staircase leading out of the dungeon here.
You have escaped!

..###....#.#.#.#.#.#.#.#.........
......###...............###......
..###.##......#..........##.#.##.
...##.###.......#.......##....##.
#..##.##.....#....#......#..#.##.
#...)..##...........#...##..#..#.
#......#....#.#.#.#...#..#..#..#.
.......##.......○°○.....##..#..#.
.......#...#..#.@.#..#...#..#....
###....##.....○°........##..##.#.
.......#..#...#.#§#.#....#..#..##
..#....##...#...........##....###
..#....#......#....#.....#...## #
..#....##.......#.......##....###
..#....#..........#......#..#..#.
..#....##...............##..##>..
..#.#....#.#.#.#.#.#.#.#....#####


There were no monsters in sight!

Vanquished Creatures
  the Royal Jelly (Slime:5)
  5 dread liches
  An ancient lich (Zot:5)
  7 orbs of fire
  Mennas (Vaults:2)
  Xtahua (Vaults:2)
  A pandemonium lord (Zig:3)
  Sojobo (Vaults:4)
  Parghit (Zot:2)
  8 Killer Klowns
  Saint Roka (Vaults:2)
  Margery (Crypt:1)
  A curse toe (Zot:1)
  16 golden dragons
  2 bone dragons
  3 electric golems
  2 Brimstone Fiends
  A hellephant (Crypt:1)
  11 tentacled monstrosities
  26 Orb Guardians
  A walking crystal tome (Depths:4)
  6 liches
  Zenata (Crypt:1)
  3 deep elf master archers (Elf:3)
  5 sphinxes
  8 quicksilver dragons
  20 acid blobs
  5 deep elf blademasters
  A titan (Vaults:5)
  An Executioner (Zig:7)
  11 ancient champions
  A kraken (Shoals:3)
  12 death cobs
  Polyphemus (Shoals:4)
  The ghost of Biuryss the Carver, an adept GnRe of Zin (Shoals:3)
  14 storm dragons
  15 shadow dragons
  5 tengu reavers
  The ghost of Ylof the Severer, a journeyman NaBe of Trog (D:13)
  8 draconian monks
  Donald (Shoals:1)
  12 rockslimes
  Roxanne (Shoals:2)
  8 fire giants
  11 protean progenitors
  15 nagarajas
  A revenant (Crypt:2)
  10 azure jellies
  A demonspawn warmonger (Depths:1)
  5 draconian knights
  6 draconian shifters
  6 frost giants
  22 vault wardens
  8 deep elf sorcerers
  4 iron dragons
  A curse skull (Vaults:3)
  4 deep elf elementalists (Elf:3)
  3 draconian scorchers
  A ghost moth (Zot:2)
  14 ghouls
  An orc warlord (Vaults:3)
  A cacodemon (Zot:1)
  2 demonspawn corrupters
  26 ironbound preservers
  22 very ugly things
  4 draconian stormcallers
  12 formless jellyfish
  16 quicksilver oozes
  3 draconian annihilators
  6 green draconians
  20 black draconians
  12 stone giants
  A demonspawn blood saint (Depths:1)
  5 caustic shrike skeletons (Crypt:3)
  9 ironbound thunderhulks
  6 vampire knights
  5 deep elf demonologists
  15 deep elf death magi
  14 red draconians
  15 white draconians
  6 war gargoyles
  6 spark wasps
  9 deep elf annihilators
  A wendigo (Zig:1)
  10 dire elephants
  11 yellow draconians
  A demonspawn black sun (Zig:7)
  5 eidola
  12 purple draconians
  15 ettins
  A green death (D:5)
  3 merfolk javelineers
  8 merfolk impalers
  4 blizzard demons
  5 jiangshi
  A crystal guardian (Vaults:4)
  31 vault guards
  15 fire dragons
  2 quicksilver dragon zombies
  A quicksilver dragon skeleton (Crypt:3)
  15 yaktaur captains
  10 great orbs of eyes
  A shambling mangrove (Zig:6)
  7 deep elf high priests
  10 ice dragons
  2 rakshasas
  A hell beast (Depths:4)
  2 sphinx zombies
  8 ironbound frosthearts
  8 hydras
  3 peacekeepers
  Erolcha (Orc:1)
  5 catoblepae
  3 ogre magi
  A spriggan air mage (Depths:2)
  2 alligators (Zot:4)
  3 death knights
  2 merfolk aquamancers (Shoals:4)
  2 jorogumos (Zot:2)
  12 centaur warriors
  A fenstrider witch skeleton (Crypt:2)
  6 salamander tyrants
  3 spriggan skeletons
  4 merfolk avatars
  8 anacondas
  3 boulder beetles
  A hell hog (Lair:5)
  A two-headed ogre (shapeshifter) (Vaults:5)
  2 alligator snapping turtles
  5 death yaks
  24 dancing weapons
  8 tengu warriors
  2 vampire magi
  14 two-headed ogres
  7 deep troll earth magi
  A demonic crawler (D:15)
  7 satyrs
  5 spriggan berserkers
  11 naga sharpshooters
  5 deep troll shamans
  3 orc high priests
  19 naga warriors
  7 shock serpents
  A shock serpent (shapeshifter) (Zig:2)
  20 deep elf knights
  3 soul eaters
  12 hell knights
  8 skysharks
  A shadow wraith (Vaults:4)
  2 titan skeletons (Crypt:3)
  A goliath frog (Zig:6)
  4 sun demons (Shoals:3)
  3 iron trolls (Depths:4)
  Sonja (D:10)
  12 sea snakes
  19 skeletal warriors
  54 deep trolls
  2 salamander mystics
  2 sixfirhies (Zot:1)
  A fire crab (Shoals:1)
  An orb spider (shapeshifter) (Vaults:4)
  2 death drakes (Depths:4)
  A bunyip zombie (Crypt:3)
  A sun moth (Shoals:3)
  A storm dragon skeleton (Depths:3)
  7 flayed ghosts
  7 glowing orange brains
  6 bog bodies
  A glowing orange brain (shapeshifter) (Vaults:5)
  A golden dragon zombie (Depths:3)
  2 shadow demons
  A deep troll (shapeshifter) (D:15)
  Lodul (D:10)
  12 mana vipers
  2 spriggan druids (Zig:6)
  2 tengu zombies (Vaults:3)
  4 arcanists
  16 harpies
  An iron giant skeleton (Crypt:3)
  3 naga ritualists
  8 lindwurms
  9 deep elf archers
  21 phantasmal warriors
  11 necromancers
  A spriggan simulacrum (Depths:1)
  2 bunyip skeletons (Crypt:3)
  A stone giant zombie (Crypt:1)
  An iron dragon zombie (Crypt:2)
  3 thermic dynamos
  35 deep elf pyromancers
  29 deep elf zephyrmancers
  22 ironbound convokers
  42 ugly things
  A faun (shapeshifter) (Vaults:5)
  A wolf spider (Vaults:5)
  15 orc knights
  10 cyclopes
  A cyclops (shapeshifter) (Vaults:5)
  A will-o-the-wisp (Zig:6)
  The ghost of kae the Carver, a novice CoGl (D:6)
  17 manticores
  19 salamanders
  3 orc sorcerers
  11 shining eyes
  22 fauns
  A rust devil (D:6)
  A frost giant skeleton (Depths:1)
  A frost giant zombie (Crypt:3)
  20 moths of wrath
  A salamander (shapeshifter) (D:13)
  A tengu skeleton (Vaults:1)
  6 kobold blastminers
  14 merfolk sirens
  An iron dragon skeleton (Depths:3)
  A fire giant skeleton (Depths:3)
  2 stone giant skeletons (Crypt:3)
  21 naga magi
  A shock serpent zombie (Crypt:1)
  2 guardian serpents (Snake:4)
  4 water nymphs
  14 elephants
  31 black mambas
  21 vault sentinels
  A torpor snail (shapeshifter) (Vaults:3)
  A gargoyle (D:13)
  8 torpor snails
  4 eyes of devastation
  A smoke demon (Zig:7)
  10 cane toads
  A black draconian zombie (Crypt:3)
  3 large abominations (Depths:2)
  A centaur zombie (Crypt:3)
  5 unseen horrors
  2 centaur skeletons
  The ghost of Shym the Trooper, an amateur OnAl of Makhleb (D:4)
  Jeremiah (D:6)
  A rime drake (Lair:2)
  13 komodo dragons
  33 yaktaurs
  Psyche (D:10)
  2 freezing wraiths
  2 tengu conjurers
  5 trolls
  An iron troll skeleton (Crypt:1)
  2 hornets (shapeshifter)
  A polar bear (shapeshifter) (Elf:2)
  5 harpy skeletons (Crypt:3)
  26 merfolk
  Prince Ribbit (D:5)
  9 wind drakes
  A wind drake (shapeshifter) (Elf:1)
  4 raiju (Lair:5)
  4 tyrant leeches (Lair:5)
  15 hornets
  A hydra skeleton (Crypt:3)
  A raiju (shapeshifter) (Zig:10)
  11 polar bears
  8 snapping turtles
  A tarantella (shapeshifter) (Elf:2)
  A dream sheep (shapeshifter) (Depths:3)
  A fire giant simulacrum (Vaults:1)
  14 dream sheep
  20 blink frogs
  5 glass eyes
  89 slime creatures
  A stone giant simulacrum (Vaults:1)
  A spriggan zombie (Depths:1)
  A snapping turtle (shapeshifter) (Depths:3)
  4 air elementals
  7 centaur simulacra (D:12)
  A fire dragon skeleton (Crypt:3)
  2 ettin skeletons (Crypt:3)
  A guardian serpent skeleton (Crypt:1)
  6 spriggans
  A slime creature zombie (Crypt:2)
  A vampire (D:6)
  6 wraiths
  8 wyverns
  5 basilisks
  11 water elementals
  Grum (D:11)
  16 humans
  51 yaks
  Eustachio (D:6)
  5 fire bats
  4 fire elementals
  A black mamba skeleton (Crypt:3)
  10 vampire mosquitoes
  5 golden eyes (Slime:1)
  A basilisk (shapeshifter) (D:13)
  4 wargs (Lair:5)
  2 steam dragons
  Edmund (D:6)
  3 chaos spawn
  36 nagas
  A glowing shapeshifter zombie (Depths:3)
  A naga (shapeshifter) (Elf:3)
  2 acid dragons
  A swamp worm (shapeshifter) (Depths:2)
  An acid dragon (shapeshifter) (Elf:3)
  A human skeleton (Depths:3)
  15 water moccasins
  Duvessa (D:6)
  13 hell hounds (Lair:5)
  40 orc warriors
  21 ogres
  4 ice beasts
  3 sky beasts
  13 black bears
  27 laughing skulls
  7 small abominations (Depths:2)
  A blink frog zombie (Crypt:2)
  18 centaurs
  38 wolves
  2 phantoms (D:6)
  A swamp dragon skeleton (Crypt:3)
  4 kobold brigands
  A vine stalker zombie (Crypt:2)
  19 bullfrogs
  Blork the orc (D:4)
  5 scorpions
  An earth elemental (Elf:1)
  A water moccasin zombie (Crypt:3)
  18 wights
  A cyclops skeleton (Crypt:2)
  A warg skeleton (Crypt:2)
  Dowan (D:6)
  A queen bee zombie (Crypt:1)
  20 killer bees
  A troll zombie (Crypt:2)
  5 howler monkeys
  A troll skeleton (Crypt:2)
  6 electric eels
  A quasit (D:4)
  3 hounds
  6 jellies
  A gnoll bouda (D:7)
  Crazy Yiuf (D:2)
  16 orc priests
  2 iguanas (D:6)
  20 orc wizards
  A boggart skeleton (Crypt:3)
  A sky beast zombie (Crypt:2)
  4 naga skeletons
  An ogre skeleton (Crypt:2)
  A deep dwarf skeleton (Crypt:1)
  A boggart simulacrum (D:12)
  2 mummies (Zig:9)
  4 gnolls (D:7)
  10 adders
  A swamp drake skeleton (Crypt:2)
  9 white imps
  4 ufetubi
  2 ribbon worms
  4 dart slugs
  55 orcs
  9 ball pythons
  8 endoplasms
  A giant cockroach (D:4)
  7 goblins
  3 hobgoblins
  4 quokkas
  7 bats
  A frilled lizard (D:3)
  22 kobolds
  An orc skeleton (Crypt:1)
  8 rats
  2 aspiring fleshes
  4 tentacles (Shoals:3)
2619 creatures vanquished.

Vanquished Creatures (collateral kills)
  An Orb Guardian (Zot:5)
  An orc warlord (Vaults:4)
  A war gargoyle (Vaults:4)
  A peacekeeper (Vaults:4)
  2 merfolk avatars (Shoals:1)
  A merfolk aquamancer (Shoals:4)
  2 dancing weapons (Elf:2)
  2 death yaks
  An orc high priest (Vaults:2)
  2 skysharks
  2 deep elf knights (Elf:2)
  An ironbound convoker (Vaults:2)
  A harpy (Shoals:4)
  A deep elf pyromancer (Elf:2)
  A deep elf zephyrmancer (Zig:8)
  A cyclops (Shoals:4)
  A merfolk siren (Shoals:1)
  A naga mage (Snake:2)
  An elephant (Lair:5)
  A black mamba (Snake:2)
  A rime drake (Lair:5)
  3 dream sheep (Shoals:4)
  4 nagas (Snake:2)
33 creatures vanquished.

Vanquished Creatures (others)
  A spark wasp (Depths:4)
  A deep elf high priest (Elf:3)
  An ogre mage (Vaults:5)
  A dancing weapon (Elf:2)
  A two-headed ogre (D:14)
  2 deep elf knights
  A thermic dynamo (Elf:2)
  2 deep elf zephyrmancers (Zig:8)
  A deep elf pyromancer (Elf:1)
  A faun (Shoals:1)
  A guardian serpent (Snake:4)
  A small abomination (Depths:2)
  An ogre (Vaults:5)
  A river rat skeleton (Crypt:1)
  21 tentacles (Shoals:3)
37 creatures vanquished.

Grand Total: 2689 creatures vanquished

Notes
Turn   | Place    | Note
-------+----------+-------------------------------------------
     0 | D:1      | Croata the Vine Stalker Wanderer began the quest for the
                  | Orb.
     0 | D:1      | Croata set off with the following items: a +0 dagger, a
                  | potion of brilliance, a +0 cloak, a scroll of silence {!r},
                  | a +0 leather armour, a scroll of butterflies; and the
                  | following spell memorised: Slow; and the following spells
                  | available to memorise: Inner Flame.
     0 | D:1      | Reached XP level 1. HP: 11/11 MP: 3/3
   112 | D:1      | Reached XP level 2. HP: 13/15 MP: 2/4
   854 | D:2      | Reached XP level 3. HP: 14/18 MP: 5/5
   907 | D:2      | Reached skill level 1 in Armour
   925 | D:2      | Reached skill level 1 in Dodging
  1137 | D:2      | Found a runed translucent door.
  1138 | D:2      | Noticed Crazy Yiuf
  1251 | D:2      | Killed Crazy Yiuf
  1252 | D:2      | Reached XP level 4. HP: 8/23 MP: 2/6
  1681 | D:3      | Reached XP level 5. HP: 27/27 MP: 7/7
  2238 | D:4      | Noticed an ogre
  2247 | D:4      | Killed an ogre
  2248 | D:4      | Reached XP level 6. HP: 17/32 MP: 4/8
  2295 | D:4      | Found a runed translucent door.
  2336 | D:4      | Noticed an ice beast
  2344 | D:4      | Killed an ice beast
  2345 | D:4      | Reached skill level 5 in Stealth
  2402 | D:4      | Found a runed translucent door.
  2406 | D:4      | Noticed Shym's ghost (amateur OnAl)
  2701 | D:4      | Noticed Blork the orc
  2708 | D:4      | Killed Blork the orc
  2709 | D:4      | Reached XP level 7. HP: 33/38 MP: 6/9
  2858 | D:4      | Reached skill level 5 in Fighting
  3059 | D:5      | Entered Level 5 of the Dungeon
  3124 | D:5      | Reached skill level 4 in Unarmed Combat
  3130 | D:5      | Reached skill level 5 in Unarmed Combat
  3237 | D:5      | Gained mutation: You have razor-sharp teeth. [Vine Stalker
                  | growth]
  3237 | D:5      | Reached XP level 8. HP: 43/43 MP: 10/10
  3290 | D:5      | Reached skill level 6 in Unarmed Combat
  3333 | D:5      | Noticed Prince Ribbit
  3339 | D:5      | Killed Prince Ribbit
  3389 | D:5      | Found a shimmering altar of Xom.
  3800 | D:6      | Reached skill level 7 in Unarmed Combat
  3818 | D:6      | Noticed Edmund
  3871 | D:6      | Killed Edmund
  3963 | D:6      | Reached skill level 8 in Unarmed Combat
  4017 | D:6      | Noticed a vampire
  4025 | D:6      | Noticed a wyvern
  4036 | D:6      | Killed a wyvern
  4037 | D:6      | Noticed a two-headed ogre
  4040 | D:6      | Noticed kae's ghost (novice CoGl)
  4043 | D:6      | Reached skill level 9 in Unarmed Combat
  4043 | D:6      | Reached XP level 9. HP: 12/47 MP: 2/11
  4073 | D:6      | Noticed Duvessa
  4080 | D:6      | Noticed Dowan
  4085 | D:6      | Killed Duvessa
  4088 | D:6      | Killed Dowan
  4114 | D:6      | Found a runed translucent gate.
  4114 | D:6      | Found a runed translucent gate.
  4114 | D:6      | Found a runed translucent gate.
  4137 | D:6      | Reached skill level 10 in Unarmed Combat
  4143 | D:6      | Found a shadowy altar of Dithmenos.
  4271 | D:6      | Found a staircase to the Ecumenical Temple.
  4293 | D:6      | Noticed Eustachio
  4303 | D:6      | Killed Eustachio
  4304 | D:6      | Reached skill level 1 in Shields
  4344 | Temple   | Entered the Ecumenical Temple
  4363 | Temple   | Became a worshipper of Qazlal Stormbringer
  4732 | D:6      | Found a glowing golden altar of the Shining One.
  4757 | D:6      | Noticed Jeremiah
  4827 | D:6      | Killed Jeremiah
  4828 | D:6      | Reached skill level 1 in Invocations
  5283 | D:7      | Noticed a cyclops
  5294 | D:7      | HP: 2/48 [cyclops (21)]
  5296 | D:7      | Killed a cyclops
  5297 | D:7      | Reached skill level 11 in Unarmed Combat
  5297 | D:7      | Reached XP level 10. HP: 4/53 MP: 1/13
  6145 | D:8      | Reached * piety under Qazlal
  6543 | D:8      | Paralysed by a hornet for 3 turns
  7142 | D:9      | Noticed a deep elf pyromancer
  7151 | D:9      | Killed a deep elf pyromancer
  7152 | D:9      | Reached skill level 12 in Unarmed Combat
  7154 | D:9      | Reached ** piety under Qazlal
  7255 | D:9      | Reached skill level 5 in Invocations
  7302 | D:9      | Reached XP level 11. HP: 58/58 MP: 15/15
  7633 | D:10     | Entered Level 10 of the Dungeon
  7633 | D:10     | Noticed Lodul
  7712 | D:10     | Noticed Psyche
  7717 | D:10     | Killed Psyche
  7722 | D:10     | Reached skill level 13 in Unarmed Combat
  7730 | D:10     | Noticed a two-headed ogre
  7737 | D:10     | HP: 2/58 [komodo dragon (16)]
  8080 | D:10     | Noticed a two-headed ogre
  8082 | D:10     | Noticed a two-headed ogre
  8084 | D:10     | Killed a two-headed ogre
  8084 | D:10     | Reached *** piety under Qazlal
  8125 | D:10     | Killed a two-headed ogre
  8128 | D:10     | Killed a two-headed ogre
  8174 | D:10     | Noticed a two-headed ogre
  8200 | D:10     | Killed a two-headed ogre
  8231 | D:10     | Identified the +7 war axe of Foojaimm {spect, *Slow Fly
                  | Int+4 Dex+3}
  8234 | D:10     | Identified the +2 halberd of Vebairph {freeze, rC+ rN+
                  | Will-}
  8275 | D:10     | Noticed a centaur warrior
  8284 | D:10     | Killed a centaur warrior
  8303 | D:10     | Found a staircase to the Lair.
  8305 | D:10     | Reached skill level 14 in Unarmed Combat
  8330 | D:10     | Killed Lodul
  8331 | D:10     | Reached XP level 12. HP: 18/65 MP: 7/18
  8722 | D:10     | Noticed Sonja
  8725 | D:10     | Killed Sonja
  8745 | D:10     | Noticed a two-headed ogre
  8751 | D:10     | Killed a two-headed ogre
  9071 | D:11     | Noticed Grum
  9083 | D:11     | Killed Grum
  9270 | D:11     | Noticed a two-headed ogre
  9275 | D:11     | Killed a two-headed ogre
  9393 | D:11     | Reached skill level 15 in Unarmed Combat
  9495 | D:11     | Reached **** piety under Qazlal
  9749 | D:11     | Noticed a two-headed ogre
  9755 | D:11     | Killed a two-headed ogre
 10052 | D:12     | Noticed a tengu warrior
 10063 | D:12     | Reached skill level 10 in Fighting
 10071 | D:12     | Killed a tengu warrior
 10075 | D:12     | Reached XP level 13. HP: 59/72 MP: 12/21
 10085 | D:11     | Reached skill level 10 in Invocations
 10243 | D:12     | Reached ***** piety under Qazlal
 10568 | D:12     | Found a staircase to the Orcish Mines.
 11087 | Lair:1   | Entered Level 1 of the Lair of Beasts
 11778 | Lair:2   | HP: 2/72 [cane toad (4)]
 11920 | Lair:2   | Found a staircase to the Snake Pit.
 12769 | Lair:3   | Found a staircase to the Shoals.
 12775 | Lair:3   | Reached XP level 14. HP: 77/77 MP: 20/23
 13318 | Lair:4   | Reached skill level 16 in Unarmed Combat
 13403 | Lair:4   | Reached ****** piety under Qazlal
 14086 | Lair:5   | Entered Level 5 of the Lair of Beasts
 14154 | Lair:5   | Reached skill level 5 in Armour
 14230 | Lair:5   | Reached skill level 5 in Dodging
 14241 | Lair:5   | Reached skill level 5 in Shields
 14395 | Lair:5   | Identified the +0 helmet of the Big Bang {rElec rF+ Will+
                  | Str+2}
 14468 | Lair:5   | Reached XP level 15. HP: 83/83 MP: 24/24
 14483 | Lair:5   | Got an earthy gem with 511 turns to spare
 14524 | Lair:5   | Reached skill level 17 in Unarmed Combat
 14778 | Lair:5   | Found a staircase to the Slime Pits.
 15113 | Lair:5   | Paralysed by a hornet for 2 turns
 15522 | Lair:5   | Identified the +6 longbow of the Fortifying Gods {freeze,
                  | Int+4}
 15773 | Orc:1    | Entered Level 1 of the Orcish Mines
 15773 | Orc:1    | Noticed Erolcha
 15773 | Orc:1    | Found Xesiusips's Antique Armour Emporium.
 15886 | Orc:1    | Killed Erolcha
 16002 | Orc:1    | Found a roughly hewn altar of Beogh.
 16051 | Orc:2    | Entered Level 2 of the Orcish Mines
 16051 | Orc:2    | Found a roughly hewn altar of Beogh.
 16055 | Orc:2    | Found a staircase to the Elven Halls.
 16750 | Orc:1    | Found a roughly hewn altar of Beogh.
 17111 | Orc:2    | Found Jeoxalot's Antique Armour Shoppe.
 17111 | Orc:2    | Found Zustryumm's Antique Armour Shop.
 17113 | Orc:2    | Found Ygoke's Antique Armour Boutique.
 17115 | Orc:2    | Found Linwixit's Armour Emporium.
 17151 | Orc:2    | Bought a pair of faintly humming gloves for 171 gold pieces
 17151 | Orc:2    | Identified the +4 pair of gloves of the Arena {Regen+
                  | Str+3} (You bought it in a shop on level 2 of the Orcish
                  | Mines)
 17163 | Orc:2    | Bought a distressingly furry plate armour for 924 gold
                  | pieces
 17163 | Orc:2    | Identified the +0 plate armour of the Villain {Will+} (You
                  | bought it in a shop on level 2 of the Orcish Mines)
 17215 | Orc:1    | Bought a twisted chain mail for 190 gold pieces
 17215 | Orc:1    | Identified the +0 chain mail "Ilirph" {Regen+ Str+5} (You
                  | bought it in a shop on level 1 of the Orcish Mines)
 17215 | Orc:1    | Bought a transparent ring mail for 180 gold pieces
 17215 | Orc:1    | Identified the +1 ring mail "Lycki" {Dex+5} (You bought it
                  | in a shop on level 1 of the Orcish Mines)
 17308 | D:13     | Noticed Ylof's ghost (journeyman NaBe)
 17353 | D:13     | Found a runed translucent door.
 18301 | D:14     | Found a gate to the Vaults.
 18310 | D:14     | Reached skill level 18 in Unarmed Combat
 18310 | D:14     | Reached XP level 16. HP: 88/88 MP: 26/26
 18780 | D:14     | Paralysed by an air elemental for 1 turns
 19229 | D:15     | Entered Level 15 of the Dungeon
 19706 | D:15     | Found a staircase to the Depths.
 19961 | Snake:1  | Entered Level 1 of the Snake Pit
 19997 | Snake:1  | Found Vofes's Armour Emporium.
 19999 | Snake:1  | Found Ivviup's Antique Weapon Emporium.
 19999 | Snake:1  | Found Comajim's Armour Shoppe.
 20002 | Snake:1  | Found Fuebeak's General Store.
 20624 | Snake:2  | Noticed a nagaraja
 20633 | Snake:2  | Killed a nagaraja
 20637 | Snake:2  | Reached XP level 17. HP: 50/94 MP: 19/28
 20845 | Snake:2  | Reached skill level 19 in Unarmed Combat
 21084 | Snake:2  | Identified the +4 leather armour of Jigsaw {rPois}
 21376 | Snake:2  | Found Guevvaud's Distillery.
 21398 | Snake:2  | Bought a potion of invisibility for 104 gold pieces
 21398 | Snake:2  | Bought a potion of berserk rage for 65 gold pieces
 21398 | Snake:2  | Bought a potion of might for 52 gold pieces
 21997 | Snake:3  | Found Ruhac's Magic Scroll Emporium.
 22428 | Snake:3  | Identified the ring "Vaqoj" {Wiz Int+6 Dex-4}
 22593 | Snake:3  | Identified the +2 scale mail of Ladu {Will- Str+5 Int-2
                  | SInv}
 22757 | Snake:4  | Entered Level 4 of the Snake Pit
 23591 | Snake:4  | Reached XP level 18. HP: 100/100 MP: 30/30
 23593 | Snake:4  | Reached skill level 15 in Invocations
 23675 | Snake:4  | Got a serpentine rune of Zot
 23856 | Snake:4  | HP: 3/100 [nagaraja/+3 spear (6)]
 24011 | Snake:4  | Reached skill level 20 in Unarmed Combat
 24608 | Snake:3  | Bought a scroll of blinking for 75 gold pieces
 24608 | Snake:3  | Bought a scroll of teleportation for 30 gold pieces
 24608 | Snake:3  | Bought a scroll of poison for 40 gold pieces
 24608 | Snake:3  | Bought a scroll of poison for 40 gold pieces
 24793 | Shoals:1 | Entered Level 1 of the Shoals
 24819 | Shoals:1 | Noticed Donald
 24831 | Shoals:1 | HP: 4/97 [merfolk/+2 spear of flaming (10)]
 24984 | Shoals:1 | Killed Donald
 24985 | Shoals:1 | Reached skill level 10 in Shields
 25183 | Shoals:1 | Reached skill level 10 in Dodging
 25986 | Shoals:2 | Reached skill level 15 in Fighting
 26247 | Shoals:2 | Reached XP level 19. HP: 108/108 MP: 31/31
 26424 | Shoals:2 | Noticed Roxanne
 26441 | Shoals:2 | Killed Roxanne
 26760 | Shoals:3 | Found a large runed translucent door.
 26760 | Shoals:3 | Found a large runed translucent door.
 26799 | Shoals:3 | Identified the serpent talisman of the Crafting Gods {rF+
                  | Int+3}
 26878 | Shoals:3 | Found Nuyts's General Store.
 26936 | Shoals:3 | Bought a scroll of butterflies for 60 gold pieces
 26936 | Shoals:3 | Bought a scroll of teleportation for 45 gold pieces
 27375 | Shoals:3 | Noticed Biuryss's ghost (adept GnRe)
 27524 | Shoals:3 | Killed Biuryss's ghost
 27719 | Shoals:4 | Entered Level 4 of the Shoals
 27739 | Shoals:4 | Noticed Polyphemus
 27882 | Shoals:4 | Killed Polyphemus
 27997 | Shoals:4 | Identified the +7 falchion of Wu Jian's Vengeance {flame,
                  | rC- rN+ Int-4 Dex+6}
 28225 | Shoals:4 | Got a barnacled rune of Zot
 28627 | Shoals:4 | Got the Textbook on Syndicated Unholy Ceremonies
 29117 | Vaults:1 | Entered Level 1 of the Vaults
 29184 | Vaults:1 | Found Uqyaluj's Antique Weapon Shop.
 29325 | Vaults:1 | Reached skill level 5 in Spellcasting
 29495 | Vaults:1 | Reached XP level 20. HP: 113/113 MP: 32/32
 29595 | Vaults:1 | Found a crumbling gateway.
 29781 | Vaults:1 | Identified the +6 rapier of the Open Hand {protect, Int+3}
 30238 | Vaults:2 | You fall into a shaft and drop 1 floor!
 30269 | Vaults:3 | Found a staircase to the Crypt.
 30472 | Vaults:3 | Found Iwypliask's Jewellery Boutique.
 31120 | Vaults:3 | Reached skill level 21 in Unarmed Combat
 31811 | Vaults:2 | Reached XP level 21. HP: 119/119 MP: 34/34
 31889 | Vaults:2 | Noticed Xtahua
 31947 | Vaults:2 | Noticed Mennas
 31967 | Vaults:2 | Killed Mennas
 32231 | Vaults:2 | Noticed Saint Roka
 32345 | Vaults:2 | Killed Xtahua
 32358 | Vaults:2 | Killed Saint Roka
 33446 | Vaults:4 | Found Suqa's Antique Armour Emporium.
 33456 | Vaults:4 | Bought a runed scarf for 344 gold pieces
 33456 | Vaults:4 | Bought a brightly glowing chain mail for 408 gold pieces
 33456 | Vaults:4 | Identified the +4 chain mail "Zev Deg" {rF++} (You bought
                  | it in a shop on level 4 of the Vaults)
 33787 | Vaults:4 | Noticed Sojobo
 33800 | Vaults:4 | Killed Sojobo
 34787 | D:4      | Killed Shym's ghost
 34889 | D:6      | Killed kae's ghost
 35101 | D:13     | Killed Ylof's ghost
 35102 | D:13     | Reached XP level 22. HP: 124/124 MP: 36/36
 35189 | Elf:1    | Entered Level 1 of the Elven Halls
 36391 | Elf:2    | Found Dahu's Assorted Antiques.
 36405 | Elf:2    | Paralysed by an air elemental for 1 turns
 36424 | Elf:2    | Bought a scroll of fear for 160 gold pieces
 36424 | Elf:2    | Bought a scroll of teleportation for 120 gold pieces
 36469 | Elf:2    | Found a runed translucent gate.
 36470 | Elf:2    | Found a runed translucent gate.
 36470 | Elf:2    | Found a runed translucent gate.
 36585 | Elf:2    | Reached skill level 10 in Spellcasting
 36944 | Elf:3    | Entered Level 3 of the Elven Halls
 37018 | Elf:3    | Reached skill level 22 in Unarmed Combat
 37067 | Elf:3    | Identified the +6 flail of the Nexus {freeze, rCorr Str+2}
 37756 | Elf:3    | Identified the +0 troll leather armour "Cus Haigg" {rElec
                  | rPois Regen+}
 37823 | Elf:3    | Identified the +6 scale mail of Going Fast {rC++ Str+2
                  | Int+4 SInv}
 37829 | Elf:3    | Identified the +1 leather armour "Aclor" {rC+ Str+4 Stlth+}
 37839 | Elf:3    | Identified the +2 falchion "Plog" {antimagic, rF+ Will+
                  | Dex+5}
 37843 | Elf:3    | Identified the +1 robe "Kaqaibepno" {Rampage Regen+}
 38049 | Elf:3    | Found the +3 Elemental Staff {ele, rElec rF+ rC+ AC+3}
 38095 | Elf:3    | Got the Guidebook on Assaults and the Squall
 38459 | Slime:1  | Entered Level 1 of the Pits of Slime
 38469 | Slime:1  | Reached XP level 23. HP: 129/129 MP: 38/38
 38578 | Slime:1  | Gained mutation: You occasionally shout uncontrollably at
                  | your foes. [a shining eye]
 38581 | Slime:1  | Gained mutation: Your spells are a little easier to cast,
                  | but a little less powerful. [a shining eye]
 38584 | Slime:1  | Gained mutation: You have a somewhat thin skeletal
                  | structure. (Dex +2, Stealth+) [a shining eye]
 38585 | Slime:1  | Gained mutation: Your health recovers twice as slowly from
                  | being drained. [a shining eye]
 38900 | Snake:1  | Bought a +0 cloak of preservation for 172 gold pieces
 38995 | Slime:2  | Gained mutation: You occasionally lose the ability to drink
                  | potions when taking damage. [a shining eye]
 39148 | Slime:2  | Gained mutation: Your magical capacity is low. (-10% MP) [a
                  | shining eye]
 39162 | Slime:2  | Gained mutation: You are somewhat resistant to further
                  | mutation. [a shining eye]
 40049 | Slime:3  | Gained mutation: You are frail. (-10% HP) [a shining eye]
 40054 | Slime:3  | Lost mutation: Your magical capacity is low. (-10% MP) [a
                  | shining eye]
 40057 | Slime:3  | Gained mutation: You are vulnerable to heat. (rF-) [a
                  | shining eye]
 40063 | Slime:3  | Gained mutation: Your body sometimes deteriorates upon
                  | taking damage. [a shining eye]
 40198 | Slime:5  | Entered Level 5 of the Pits of Slime
 40953 | Slime:5  | Noticed the Royal Jelly
 40968 | Slime:5  | Killed the Royal Jelly
 41011 | Slime:5  | Found the macabre finger necklace {Finger+ rN+}
 41027 | Slime:5  | Got a slimy rune of Zot
 41045 | Slime:5  | Identified the +5 dagger of Tekhliobb {drain, *Corrode rC+
                  | Int+5}
 41065 | Slime:5  | Identified the +4 scale mail "Amochope" {rC++ Int-3 Dex-4
                  | Slay+5}
 41095 | Slime:5  | Identified the +5 hand axe of Dytommoa {venom, rC+ MP+9
                  | Str+3 Dex+3}
 41107 | Slime:5  | Identified the +9 rapier of Noxious Subterfuge {vamp, rPois
                  | rF+ rC-}
 41451 | D:10     | Lost mutation: Your health recovers twice as slowly from
                  | being drained. [potion of mutation]
 41451 | D:10     | Lost mutation: You are somewhat resistant to further
                  | mutation. [potion of mutation]
 41451 | D:10     | Lost mutation: You are frail. (-10% HP) [potion of
                  | mutation]
 41451 | D:10     | Gained mutation: You have sharp fingernails. [potion of
                  | mutation]
 41452 | D:10     | Lost mutation: You have sharp fingernails. [potion of
                  | mutation]
 41452 | D:10     | Lost mutation: You are vulnerable to heat. (rF-) [potion of
                  | mutation]
 41452 | D:10     | Gained mutation: You are dopey. (Int -2) [potion of
                  | mutation]
 41452 | D:10     | Gained mutation: You have sharp toenails. [potion of
                  | mutation]
 41453 | D:10     | Lost mutation: You are dopey. (Int -2) [potion of mutation]
 41453 | D:10     | Lost mutation: You have a somewhat thin skeletal structure.
                  | (Dex +2, Stealth+) [potion of mutation]
 41454 | D:10     | Lost mutation: Your spells are a little easier to cast, but
                  | a little less powerful. [potion of mutation]
 41454 | D:10     | Lost mutation: You occasionally lose the ability to drink
                  | potions when taking damage. [potion of mutation]
 41454 | D:10     | Gained mutation: Your spells are a little easier to cast,
                  | but a little less powerful. [potion of mutation]
 41454 | D:10     | Gained mutation: You are agile. (Dex +4, Str/Int -1)
                  | [potion of mutation]
 41454 | D:10     | Gained mutation: Your mind is acute. (Int +4, Str/Dex -1)
                  | [potion of mutation]
 41455 | D:10     | Lost mutation: Your body sometimes deteriorates upon taking
                  | damage. [potion of mutation]
 41455 | D:10     | Lost mutation: You are agile. (Dex +4, Str/Int -1) [potion
                  | of mutation]
 41455 | D:10     | Gained mutation: Your movements are slightly less
                  | encumbered by armour. (ER -2) [potion of mutation]
 41455 | D:10     | Gained mutation: You have a pair of small horns on your
                  | head. [potion of mutation]
 41455 | D:10     | Gained mutation: Your magical capacity is low. (-10% MP)
                  | [potion of mutation]
 41455 | D:10     | Gained mutation: You heal very quickly. [potion of
                  | mutation]
 41556 | D:10     | Lost mutation: Your mind is acute. (Int +4, Str/Dex -1)
                  | [potion of mutation]
 41556 | D:10     | Lost mutation: You have a pair of small horns on your head.
                  | [potion of mutation]
 41652 | Snake:2  | Bought a potion of mutation for 104 gold pieces
 41652 | Snake:2  | Bought a potion of magic for 104 gold pieces
 41652 | Snake:2  | Bought a potion of magic for 104 gold pieces
 41878 | Elf:2    | Bought a potion of mutation for 320 gold pieces
 42006 | Depths:1 | Entered Level 1 of the Depths
 42157 | Depths:1 | Reached XP level 24. HP: 136/136 MP: 34/34
 42216 | Depths:1 | Reached skill level 23 in Unarmed Combat
 42359 | Depths:1 | Found a one-way gate to the infinite horrors of the Abyss.
 42361 | Depths:1 | Found a gateway to Hell.
 42951 | Depths:2 | Identified the +8 trident "Epaem" {speed, rElec rN+}
 42959 | Depths:2 | Found a one-way gate leading to the halls of Pandemonium.
 43076 | Depths:2 | Reached skill level 15 in Shields
 43508 | Depths:2 | Got the Disquisition on the Fifth Circle and Albedo
 43984 | Depths:3 | Found Imnuov's Weapon Emporium.
 43986 | Depths:3 | Found Dyarchan's Armour Shoppe.
 43988 | Depths:3 | Found Uruxes's Magic Scroll Emporium.
 44031 | Depths:3 | Bought the +0 pair of boots of the Big Bang {Str+4} for 278
                  | gold pieces
 44038 | Depths:3 | Bought a scroll of enchant armour for 112 gold pieces
 44038 | Depths:3 | Bought 3 scrolls of butterflies for 180 gold pieces
 44038 | Depths:3 | Bought a scroll of immolation for 60 gold pieces
 44196 | Depths:3 | Identified the +6 swamp dragon scales of Pragmatism {-Tele
                  | Rampage rPois MP+9 Int+3}
 44731 | Depths:4 | Entered Level 4 of the Depths
 44909 | Depths:4 | Reached XP level 25. HP: 125/141 MP: 32/34
 44957 | Depths:4 | Reached skill level 10 in Armour
 45116 | Depths:4 | Found a one-way gateway to a ziggurat.
 45130 | Depths:4 | Found a broken altar of Ashenzari.
 45145 | Depths:4 | Found a corrupted altar of Lugonu.
 45281 | Depths:4 | Reached skill level 24 in Unarmed Combat
 45720 | Depths:4 | Found a gate to the Realm of Zot.
 45831 | Depths:4 | Identified the +1 leather armour of Larong Biti {Stlth+}
 45915 | Depths:4 | Identified the +2 scale mail "Igesal" {rF+ Str+3}
 46063 | Zig:1    | Entered Level 1 of a ziggurat
 46084 | Zig:2    | Entered Level 2 of a ziggurat
 46086 | Zig:2    | Noticed a Killer Klown
 46093 | Zig:2    | Killed a Killer Klown
 46108 | Zig:3    | Entered Level 3 of a ziggurat
 46110 | Zig:3    | Noticed Jassuomm the pandemonium lord
 46122 | Zig:3    | Killed Jassuomm the pandemonium lord
 46139 | Zig:3    | Identified the ring "Oroollic" {MP+9 Int+2 Dex+4}
 46144 | Zig:4    | Entered Level 4 of a ziggurat
 46168 | Zig:4    | Reached XP level 26. HP: 147/147 MP: 34/34
 46178 | Zig:5    | Entered Level 5 of a ziggurat
 46222 | Zig:6    | Entered Level 6 of a ziggurat
 46239 | Zig:6    | Identified 2 scrolls of acquirement
 46253 | Zig:6    | Acquired 939 gold pieces
 46254 | Zig:6    | Acquired the +1 helmet "Afitais" {rN++}
 46269 | Zig:7    | Entered Level 7 of a ziggurat
 46272 | Zig:7    | Noticed Doamuaf the pandemonium lord
 46294 | Zig:7    | Identified the +4 short sword of the Vase {freeze, rElec
                  | Str+5 Int-5}
 46296 | Zig:8    | Entered Level 8 of a ziggurat
 46341 | Zig:8    | Reached skill level 25 in Unarmed Combat
 46424 | Zig:8    | Reached XP level 27. HP: 151/151 MP: 34/34
 46437 | Zig:9    | Entered Level 9 of a ziggurat
 46440 | Zig:9    | Noticed a royal mummy
 46440 | Zig:9    | Noticed a royal mummy
 46451 | Zig:10   | Entered Level 10 of a ziggurat
 46801 | Crypt:1  | Entered Level 1 of the Crypt
 46801 | Crypt:1  | Found the +3 hat of Pondering {ponderous, Will+ MP+10
                  | Int+5}
 46802 | Crypt:1  | Noticed Margery
 46840 | Crypt:1  | Killed Margery
 46864 | Crypt:1  | Noticed Zenata
 46897 | Crypt:1  | Killed Zenata
 48131 | Crypt:3  | Entered Level 3 of the Crypt
 48600 | Crypt:3  | Noticed a dread lich
 48608 | Crypt:3  | Killed a dread lich
 48617 | Crypt:3  | Found the +8 storm bow {elec, penet}
 48622 | Crypt:3  | Got an ivory gem with 203 turns to spare
 48630 | Crypt:3  | Identified the +3 kite shield of Wrong Decisions {-Tele rC+
                  | rN+ rCorr}
 48650 | Crypt:3  | Identified the +1 troll leather armour of Green Knowledge
                  | {rElec rPois rF+ rC- Regen+}
 48903 | Crypt:3  | Identified the staffdeath "Veshic" {rN+ Str+5 Int-5 Necro
                  | Ice}
 49109 | Crypt:3  | Found a staircase to the Tomb.
 49586 | Vaults:5 | Entered Level 5 of the Vaults
 49596 | Vaults:5 | Reached skill level 26 in Unarmed Combat
 49683 | Vaults:5 | Noticed a dread lich
 49711 | Vaults:4 | Killed a dread lich
 49870 | Vaults:5 | Gained mutation: You occasionally lose the ability to read
                  | scrolls when taking damage. [a neqoxec]
 49969 | Vaults:5 | Noticed a dread lich
 49984 | Vaults:5 | Killed a dread lich
 50019 | Vaults:5 | Identified the +7 quarterstaff of Qiasu {drain, rF+}
 50105 | Vaults:5 | Identified the ring of Attitude {Fire *Corrode Fly rElec
                  | Stlth-}
 50181 | Vaults:5 | Reached skill level 27 in Unarmed Combat
 50254 | Vaults:5 | Identified the +1 short sword "Weoch" {flame, Stlth+}
 50263 | Vaults:5 | Identified the staffearth of the Chickpea {Fire Earth}
 50328 | Vaults:5 | Identified the +2 ring mail "Ynihio" {SInv}
 50538 | Vaults:5 | Got a silver rune of Zot
 51046 | Vaults:5 | Identified the +8 longbow "Iggalil" {flame, Fly rN+ Int+3}
 51048 | Vaults:5 | Identified the +2 quarterstaff of Ofecw {heavy, Dex+3}
 51049 | Vaults:5 | Identified the +3 hand axe "Nein" {elec, rC++ rN+}
 51366 | Zot:1    | Entered Level 1 of the Realm of Zot
 52601 | Zot:2    | Noticed Parghit
 52626 | Zot:2    | Killed Parghit
 52813 | Zot:2    | Found a shimmering blue altar of Sif Muna.
 52813 | Zot:2    | Noticed a dread lich
 52832 | Zot:2    | Found a transporter.
 53329 | Zot:2    | Killed a dread lich
 53407 | Zot:2    | Found a transporter.
 54182 | Zot:4    | Noticed an orb of fire
 54189 | Zot:4    | Gained mutation: Your spells are easier to cast, but less
                  | powerful. [an orb of fire]
 54192 | Zot:4    | Killed an orb of fire
 54406 | Zot:4    | Identified the +0 robe of the Scribe {rF+ rN+ Int+3 Slay+2}
 54914 | Zot:4    | Identified the ring of Vodka {Fire rElec rN+ Will- Int+2}
 55398 | Zot:5    | Entered Level 5 of the Realm of Zot
 56094 | Zot:5    | Noticed a dread lich
 56106 | Zot:5    | Killed a dread lich
 56153 | Zot:5    | Noticed an orb of fire
 56159 | Zot:5    | Noticed an orb of fire
 56162 | Zot:5    | Noticed an orb of fire
 56165 | Zot:5    | Killed an orb of fire
 56166 | Zot:5    | Reached skill level 15 in Dodging
 56180 | Zot:5    | Killed an orb of fire
 56189 | Zot:5    | Killed an orb of fire
 56335 | Zot:5    | Lost mutation: Your magical capacity is low. (-10% MP)
                  | [potion of mutation]
 56335 | Zot:5    | Lost mutation: Your spells are easier to cast, but less
                  | powerful. [potion of mutation]
 56335 | Zot:5    | Lost mutation: You occasionally lose the ability to read
                  | scrolls when taking damage. [potion of mutation]
 56335 | Zot:5    | Gained mutation: You have sharp fingernails. [potion of
                  | mutation]
 56335 | Zot:5    | Lost mutation: You occasionally shout uncontrollably at
                  | your foes. [potion of mutation]
 56335 | Zot:5    | Lost mutation: You have sharp fingernails. [potion of
                  | mutation]
 56335 | Zot:5    | Gained mutation: You are covered in fur. (AC +1) [potion of
                  | mutation]
 56458 | Zot:5    | Identified the +7 chain mail of Starshine {Will++}
 56494 | Zot:5    | Noticed an orb of fire
 56498 | Zot:5    | Noticed an orb of fire
 56508 | Zot:5    | Noticed an orb of fire
 56515 | Zot:5    | Gained mutation: Your spells are easier to cast, but less
                  | powerful. [an orb of fire]
 56517 | Zot:5    | Noticed an ancient lich
 56518 | Zot:5    | Gained mutation: You sometimes lose your temper in combat.
                  | [an orb of fire]
 56519 | Zot:5    | Killed an orb of fire
 56519 | Zot:5    | Gained mutation: Your body sometimes deteriorates upon
                  | taking damage. [an orb of fire]
 56520 | Zot:5    | Gained mutation: Your magical capacity is low. (-10% MP)
                  | [an orb of fire]
 56523 | Zot:5    | Gained mutation: You occasionally shout uncontrollably at
                  | your foes. [an orb of fire]
 56527 | Zot:5    | Killed an orb of fire
 56532 | Zot:5    | Gained mutation: You occasionally lose the ability to read
                  | scrolls when taking damage. [an orb of fire]
 56537 | Zot:5    | Killed an ancient lich
 56557 | Zot:5    | Killed an orb of fire
 56757 | Zot:5    | Reached skill level 15 in Armour
 56848 | Zot:5    | Got the Orb of Zot
 57493 | D:$      | Escaped with the Orb!

Illustrated notes

Levels and vault maps discovered:
D:1:      co_arrival_square_in_a_square_in_a_square, layout_basic
D:2:      layout_rooms, uniq_crazy_yiuf_cottage
D:3:      layout_basic
D:4:      layout_loops_ring, serial_demonic, serial_demonic_g, serial_demonic_g,
          serial_demonic_g, serial_demonic_d, serial_demonic_f,
          ebering_ghost_sewer_f, uniq_blork_the_orc
D:5:      layout_loops_ring, xom_butterflies, uniq_prince_ribbit1
D:6:      layout_layer_cave, nicolae_dithmenos_shadow_blocks,
          nicolae_tso_carved_into_rock, minmay_temple_entry_overgrown,
          gammafunk_ghost_split, uniq_eustachio, uniq_jeremiah, uniq_edmund,
          uniq_duvessa
D:7:      layout_gridville
D:8:      layout_basic
D:9:      layout_basic
D:10:     layout_basic, grunt_lair_entry_orc_guard_hut, enter_bailey_3,
          dreamdust_wishing_well, serial_library_hellmonk_angled_corner,
          hangedman_corner_corridor, uniq_sonja, uniq_psyche, uniq_lodul
D:11:     layout_grid_maze, gauntlet_entry_generic, uniq_grum
D:12:     nicolae_BIG_FREAKIN_CUBE, layout_cave_pools, serial_ice, serial_ice_o,
          serial_ice_e, serial_ice_n, serial_ice_h, serial_ice_a, serial_ice_m,
          serial_ice_i, lemuel_flame_loot_1
D:13:     layout_stronghold, hellmonk_ghost_happy_afterlife
D:14:     layout_basic, david_vaults_3, hangedman_decor_slide_cut,
          dreamdust_looks_like_rain
D:15:     hellmonk_depths_entry_around_the_bend, layout_basic,
          serial_bayou_ford_a
Temple:   nicolae_temple_bog_church
Lair:1:   layout_regular_city, grunt_megastairs_3, serial_bayou_shore_b
Lair:2:   layout_roguey, dummy_snake_entry, infiniplex_staircase_pool,
          serial_bayou_shore_b, lemuel_fruit_tree
Lair:3:   layout_loops_ring, minmay_shoals_entry_centaurs
Lair:4:   layout_long_grid, serial_bayou_shore_b, grunt_megastairs_1
Lair:5:   hangedman_lair_caniforms_friends, layout_regular_city, wormcave,
          minmay_slime_entry_pillars
Shoals:1: layout_shoals, hangedman_shoal_volcano, uniq_donald
Shoals:2: layout_shoals, uniq_roxanne
Shoals:3: layout_shoals, serial_shops, shop, ebering_ghost_disaster_area,
          nicolae_shoals_bring_sunscreen
Shoals:4: shoals_end_hangedman, layout_shoals, uniq_polyphemus
Snake:1:  layout_onion_interference, special_room, minmay_shoptagon,
          nicolae_triple_integral
Snake:2:  layout_onion, serial_shops, nicolae_shop_peninsula, st_stairs_1,
          hangedman_snake_sidewinding
Snake:3:  layout_gridlike, nicolae_take_the_stairs,
          nicolae_snake_salamander_jacuzzi
Snake:4:  grunt_snake_rune_spirals, layout_onion_interference,
          serial_bayou_shore_b
Slime:1:  layout_caves, nicolae_slime_getting_an_eyeful
Slime:2:  layout_caves
Slime:3:  layout_caves
Slime:4:  layout_caves
Slime:5:  slime_pit_nicolae_royal_road_to_ruin
Orc:1:    layout_caves, serial_shops, nicolae_shop_waterfront, basic_altar,
          minmay_orc_temple_b, uniq_erolcha
Orc:2:    st_orc_rangers, layout_caves, basic_altar
Elf:1:    elf_arrival_002, layout_loops_corners, nicolae_elf_crossing_hall,
          drop_trap
Elf:2:    nicolae_elf_blades_crystal_corner, layout_geoelf_octagon,
          serial_shops, shop
Elf:3:    minmay_elf_hall_statues, layout_loops_cross, nicolae_elf_v_pinch,
          drop_trap, kilobyte_mutagenic_chamber
Vaults:1: portal_desolation_entry_ruin, nicolae_vaults_asterisk,
          nicolae_vaults_doubleplus_tesselated, vaults_dpeg_emergency_exit,
          ontoclasm_vaults_decontamination, hangedman_vaults_restitches,
          layout_vaults_big_room, serial_shops, nicolae_shop_rolling_square
Vaults:2: nicolae_vaults_bisected_exclaves, nicolae_vaults_trapezoid_layered,
          nicolae_vaults_trapezoid_lopsided_4, v_rooms_4,
          nicolae_vaults_c_with_doors, vaults_room_grid,
          nicolae_vaults_mini_display_case, nicolae_vaults_oval_intersection,
          nicolae_vaults_trapezoid_layered, nicolae_vaults_six-pack,
          vaults_dpeg_encased_lava, nicolae_vaults_closet_pinwheel_5,
          vaults_dpeg_ring, layout_vaults_omnicross, uniq_saint_roka,
          uniq_mennas, uniq_xtahua
Vaults:3: minmay_crypt_entry_simple_plaza, nicolae_vaults_hallways_thing,
          nicolae_vaults_angled_halls, ontoclasm_vaults_ring_large,
          nicolae_vaults_rhombus_6, st_check, nicolae_vaults_little_ls,
          vaults_mumra_hex, v_misc_24, nicolae_vaults_rhombus_5,
          ontoclasm_vaults_eye, lightli_orcish_oven, nicolae_vaults_alarming,
          hangedman_vaults_trim, nicolae_vaults_surprise_closet,
          layout_vaults_omnibox, serial_shops, nicolae_shop_rolling_square
Vaults:4: nicolae_vaults_cochlea, vaults_mumra_chevron,
          nicolae_vaults_an_arrangement, hangedman_vaults_maws,
          ontoclasm_vaults_ring_square, nicolae_vaults_network_square,
          v_misc_31, vaults_mumra_lcd, nicolae_vaults_double_plus_1,
          vaults_dpeg_diagonal, layout_vaults_quadrants, serial_shops,
          nicolae_shop_just_a_little_nook, uniq_sojobo
Vaults:5
Crypt:1:  layout_rooms, uniq_margery, uniq_zenata
Crypt:2:  layout_catacombs, nicolae_crypt_niches, roderic_lattice_octagonal_star
Crypt:3:  due_elkab, layout_chaotic_city, minmay_misc_feat_ornament
Depths:1: layout_honeycomb, abyss_entry_crystal, solitary_fountain, hell_entry,
          st_stairs_10, minmay_fractal_squares_diagonal_5
Depths:2: nzn_winding_woodlands_three_and_one
          [nzn_winding_woodlands_5x15_split_checker,
          nzn_winding_woodlands_5x15_garden,
          nzn_winding_woodlands_5x15_pathside_ponds,
          nzn_winding_woodlands_center_pierced_h], layout_cave_pools, pan_entry,
          minmay_room_of_horrors, corexii_leaking_fountain,
          hangedman_coc_ice_floe
Depths:3: regret_index_malice_mire, layout_twisted_cross, abyss_entry,
          hell_entry, nicolae_figureground_pulse,
          infiniplex_staircase_split_hallway, minmay_shop_star
Depths:4: lemuel_castle_with_subvaults [lemuel_castle_interior_original],
          layout_gridlike, enter_ziggurat_e, abyss_entry_flame_altar,
          nicolae_ashenzari_skybound, grunt_mini_vestibule
Zot:1:    layout_gridlike, regret_index_zotdec_iron_s
Zot:2:    gammafunk_sealed_library, layout_gridville, skrybe_zot_glass_3,
          regret_index_zotdec_carving_tricks, uniq_parghit, uniq_grunn
Zot:3:    layout_twisted_circle, regret_index_zotdec_decaying_vile
Zot:4:    layout_cathedral_of_symmetry, st_small_dragon_hoard_1
Zot:5:    layout_gridlike

Skill      XL: |  1  2  3  4  5  6  7  8  9 10 11 12 13 14 15 16 17 18 19 20 21 22 23 24 25 26 27 |
---------------+----------------------------------------------------------------------------------+-----
Fighting       | 2 3 4 5 7 8 10 11 12 13 15 16 17 18 20 | 20.0
Stealth        | 3 4 5 |  5.0
Armour         | 1 2 4 5 6 7 8 9 10 15 | 15.0
Dodging        | 1 2 4 5 6 7 8 10 11 12 15 | 15.0
Unarmed Combat | 5 9 11 12 14 15 16 18 19 20 21 22 23 24 25 27 | 27.0
Shields        | 1 3 5 6 7 8 10 11 12 13 14 15 17 20 | 20.0
Invocations    | 2 5 7 9 10 11 12 13 14 15 16 17 18 19 20 23 | 23.8
Spellcasting   | 5 7 9 10 | 10.0
Hexes          | |  1.0
Evocations     | |  1.0

Action                     |  1- 3 |  4- 6 |  7- 9 | 10-12 | 13-15 | 16-18 | 19-21 | 22-24 | 25-27 || total
---------------------------+-------+-------+-------+-------+-------+-------+-------+-------+-------++-------
  Melee: Dagger            |   133 |       |       |       |       |       |       |       |       ||   133
         Bite              |    38 |    11 |    44 |   167 |   440 |   482 |   691 |   780 |  1110 ||  3763
         Quarterstaff      |       |    83 |   105 |       |       |       |       |       |       ||   188
         Unarmed           |       |       |    62 |   459 |  1087 |  1115 |  1396 |  1596 |  2285 ||  8000
         Punch             |       |       |     8 |    39 |   150 |    87 |       |       |       ||   284
 Invoke: Elemental Force   |       |       |       |       |     3 |     2 |     3 |     4 |     4 ||    16
         Upheaval          |       |       |       |       |       |     2 |       |       |     2 ||     4
         Disaster Area     |       |       |       |       |       |       |       |     1 |     2 ||     3
  Evoke: Wand              |       |       |    12 |    21 |    10 |     9 |     1 |     1 |     3 ||    57
    Use: Scroll            |       |       |    14 |    10 |     4 |    12 |     3 |    12 |    13 ||    68
         Potion            |       |       |       |     3 |     2 |     5 |     2 |     9 |     7 ||    28
   Stab: Sleeping          |     6 |     4 |       |       |       |       |       |       |       ||    10
         Paralysed         |       |       |     2 |       |       |     2 |     3 |       |       ||     7
         Petrified         |       |       |       |       |       |     5 |     1 |       |     4 ||    10
         Invisible         |       |       |       |       |       |     7 |       |       |       ||     7
         Petrifying        |       |       |       |       |       |       |     1 |       |     4 ||     5
         Distracted        |       |       |       |       |       |       |     1 |       |     2 ||     3
         Held in net/web   |       |       |       |       |       |       |       |       |     1 ||     1
 Armour: Leather armour    |    77 |    18 |       |       |       |       |       |       |       ||    95
         Chain mail        |       |    43 |   141 |    37 |    52 |   753 |       |       |       ||  1026
         Plate armour      |       |       |       |   421 |   944 |       |       |       |       ||  1365
         Crystal plate arm |       |       |       |       |       |       |   660 |   209 |       ||   869
         Scale mail        |       |       |       |       |       |       |       |   294 |       ||   294
         Gold dragon scale |       |       |       |       |       |       |       |    91 |   633 ||   724
  Dodge: Dodged            |   102 |    80 |    72 |   191 |   417 |   392 |   175 |   352 |   572 ||  2353
         Repelled          |       |       |       |       |    48 |    97 |    35 |   105 |   168 ||   453
  Block: Other             |       |       |       |    57 |   350 |   140 |       |       |       ||   547
         Tower shield      |       |       |       |       |       |   931 |  1696 |  1923 |  2750 ||  7300

Table legend: (Time is in decaauts)
 A = Elapsed time spent in this place.
 B = Non-inter-level travel time spent in this place.
 C = Inter-level travel time spent in this place.
 D = Time resting spent in this place.
 E = Time spent auto-exploring this place.
 F = Levels seen in this place.
 G = Mean time per level.
                   A        B        C        D        E       F      G
               +--------+--------+--------+--------+--------+-----+--------+
         Total |  55272 |  48402 |   6870 |   2929 |  33851 |  66 |  837.5 |
       Dungeon |  15235 |  12806 |   2429 |    956 |   9341 |  15 | 1015.7 |
        Temple |     34 |      2 |     32 |      0 |      0 |   1 |   34.0 |
          Lair |   4997 |   4268 |    729 |    178 |   3110 |   5 |  999.4 |
        Shoals |   4120 |   3872 |    248 |    120 |   2800 |   4 | 1030.0 |
     Snake Pit |   4712 |   4121 |    591 |    313 |   2883 |   4 | 1178.0 |
    Slime Pits |   2630 |   2146 |    484 |    295 |   1374 |   5 |  526.0 |
  Orcish Mines |   1391 |   1193 |    198 |     88 |    754 |   2 |  695.5 |
   Elven Halls |   3027 |   2773 |    254 |     69 |   1914 |   3 | 1009.0 |
        Vaults |   6904 |   6035 |    869 |    326 |   4093 |   5 | 1380.8 |
         Crypt |   2395 |   2302 |     93 |      0 |   1601 |   3 |  798.3 |
        Depths |   4117 |   3645 |    472 |     55 |   2463 |   4 | 1029.2 |
           Zot |   5282 |   4816 |    466 |    519 |   3342 |   5 | 1056.4 |
      Ziggurat |    421 |    421 |      0 |     10 |    173 |  10 |   42.1 |
               +--------+--------+--------+--------+--------+-----+--------+

Top non-repeatable levels by time:
 Snake:4: 1863 daAuts
Vaults:3: 1586 daAuts
Vaults:4: 1490 daAuts
  Lair:5: 1485 daAuts
     D:6: 1446 daAuts
    D:12: 1383 daAuts
Vaults:2: 1379 daAuts
    D:10: 1367 daAuts
    D:11: 1358 daAuts
   Zot:5: 1337 daAuts
Depths:4: 1253 daAuts
   Elf:3: 1236 daAuts
 Snake:2: 1230 daAuts
Vaults:5: 1226 daAuts
Vaults:1: 1222 daAuts
